 Dungeon Crawl Stone Soup version 0.27-a0-1416-g941b2bd30b (webtiles) character file.

Game seed: 5945047313601196630

63 pokeman the Magician (level 3, 0/20 HPs)
             Began as a Deep Elf Hedge Wizard on July 1, 2021.
             Killed from afar by Natasha (6 damage)
             ... with a magic dart
             ... on level 2 of the Dungeon.
             The game lasted 00:05:42 (1950 turns).

pokeman the Magician (Deep Elf Hedge Wizard)        Turns: 1950, Time: 00:05:43

Health: 0/20       AC:  4    Str:  7    XL:     3   Next: 89%
Magic:  3/11       EV: 12    Int: 19    God:
Gold:   11         SH:  0    Dex: 14    Spells: 1/12 levels left

rFire    . . .     SeeInvis .   i - staff of death
rCold    . . .     Faith    .   (no shield)
rNeg     + . .     Spirit   .   s - +0 leather armour
rPois    .         Reflect  .   c - +0 hat
rElec    .         Harm     .   (no cloak)
rCorr    .         Rampage  .   q - +0 pair of gloves
Will     .....                  (no boots)
Stlth    ++........             (no amulet)
HPRegen  0.06/turn              (no ring)
MPRegen  0.12/turn              (no ring)

@: slowed, very slow
A: no striking features
a: no special abilities


You were on level 2 of the Dungeon.
You visited 1 branch of the dungeon, and saw 2 of its levels.

You collected 11 gold pieces.

Inventory:

Missiles
 a - 20 arrows
 j - 13 bolts
 l - a throwing net (quivered)
Armour
 c - a +0 hat (worn)
 q - a +0 pair of gloves (worn)
 s - a +0 leather armour (worn)
Magical Staves
 i - a staff of death (weapon)
 o - a staff of earth
Scrolls
 g - a scroll of enchant armour {unknown}
 n - a scroll of identify {unknown}
 r - a scroll of enchant weapon {unknown}
Potions
 d - 2 potions of curing {unknown}
 e - a potion of heal wounds {unknown}
 f - a potion of magic {unknown}
 h - 2 potions of lignification {unknown}
 k - a potion of mutation {unknown}
 m - a potion of might {unknown}
 p - a potion of berserk rage {unknown}


   Skills:
 - Level 1.0 Fighting
 - Level 1.0 Armour
 + Level 2.5 Dodging
 - Level 2.4 Stealth
 * Level 5.4 Spellcasting
 + Level 2.0 Conjurations
 - Level 1.1 Summonings
 - Level 1.1 Translocations
 + Level 0.2 Fire Magic


You had one spell level left.
You knew the following spells:

 Your Spells              Type           Power      Damage    Failure   Level
a - Magic Dart            Conj           48%        1d5       8%          1
b - Mephitic Cloud        Conj/Pois/Air  7%         N/A       36%         3
c - Call Imp              Summ           9%         N/A       17%         2
d - Blink                 Tloc           N/A        N/A       17%         2
e - Conjure Flame         Conj/Fire      9%         6-21      32%         3

Your spell library contained the following spells:

 Spells                   Type           Power      Damage    Failure   Level
 Slow                     Hex            5%         N/A       26%         2


Dungeon Overview and Level Annotations

Branches:
Dungeon (2/15)

Altars:

Annotations:
D:2 Natasha


Message History

You feel yourself slow down. The iron imp barely misses you.
Natasha mumbles some strange words.
The adder bites you.
The iron imp hits you but does no damage.
The adder closely misses you.
Natasha casts a spell.
The white imp gestures at you. The puff of frost misses you.
The adder bites you but does no damage. The white imp misses you.
The adder bites you.
Natasha stares at you and mumbles some strange words.
You feel as though you will be slow longer.
The adder closely misses you.
Natasha stares at you and mumbles some strange words.
You feel as though you will be slow longer.
The adder closely misses you.
The crimson imp blinks!
The adder closely misses you. The adder bites you.
You are poisoned.
The adder poisons you!
Casting: Magic Dart (safe; 8% risk of failure)
Confirm with . or Enter, or press ? or * to list all spells.
A metallic apparition takes form in the air.
You feel sick. The adder closely misses you.
Natasha howls an incantation.
Natasha shimmers violently.
The adder bites you but does no damage.
You feel sick. The adder closely misses you.
The white imp shouts, "Return whence thou came, thou feeble guts-griping hedge-pig!"
You feel sick.
The adder bites your iron imp but does no damage.
Your iron imp hits the adder!
The adder dies!
Your Conjurations skill increases to level 2!
Unknown command.
You feel sick.
You are no longer poisoned.
Natasha stares at you and mumbles some strange words.
The magic dart hits you.
You die...

#.......... #..........
#.......... #..........
#.5........ ####
#...§###### #((#### #....#
#.#.#.####
#.†5.#########...#..#.####
##>..5h†..@...#.#...#...#.#
#....5##5...#.....#...#....
#.#†..##....#.#.#...#...#.#
#..##########.#...#..#.####
##....#######.#)#.#.####...
####...#...#.#.)####....##
###...#...####....####
######....÷..#.##
#########..#


You could see an iron imp (summoned), Natasha, a crimson imp (summoned), a white
imp (summoned) and a friendly iron imp (summoned).

Vanquished Creatures
  An adder (D:2)
  A dart slug (D:2)
  3 ball pythons
  An endoplasm (D:1)
  2 giant cockroaches
  7 goblins
  7 hobgoblins
  4 jackals
  5 bats
  2 frilled lizards (D:1)
  2 kobolds
  4 rats
39 creatures vanquished.

Vanquished Creatures (collateral kills)
  An adder (D:2)
1 creature vanquished.

Grand Total: 40 creatures vanquished

Notes
Turn   | Place    | Note
-------+----------+-------------------------------------------
     0 | D:1      | pokeman the Deep Elf Hedge Wizard began the quest for the
                  | Orb.
     0 | D:1      | Reached XP level 1. HP: 10/10 MP: 7/7
   404 | D:1      | You fall into a shaft and drop 1 floor!
   411 | D:2      | Reached XP level 2. HP: 13/15 MP: 6/9
   665 | D:2      | Reached skill level 5 in Spellcasting
   836 | D:2      | Reached XP level 3. HP: 20/20 MP: 8/11
   840 | D:2      | Learned a level 3 spell: Mephitic Cloud
   843 | D:2      | Learned a level 2 spell: Call Imp
   846 | D:2      | Learned a level 2 spell: Blink
   850 | D:2      | Learned a level 3 spell: Conjure Flame
  1811 | D:2      | Reached skill level 1 in Fighting
  1833 | D:2      | Reached skill level 1 in Armour
  1924 | D:2      | Noticed Natasha
  1950 | D:2      | Killed from afar by Natasha

Illustrated notes

Levels and vault maps discovered:
D:1:      minmay_arrival_cross, layout_loops_ring, grunt_decor_arrowhead,
          chequers_serial_rivers_micro_c, amcnicky_mini_pool_small
D:2:      minmay_spotlight, layout_basic, minmay_misc_feat_tower, uniq_natasha

Skill      XL: |  1  2  3 |
---------------+----------+-----
Spellcasting   | 5 |  5.4
Fighting       | 1 |  1.0
Armour         | 1 |  1.0
Conjurations   | 2 |  2.0
Dodging        | |  2.5
Stealth        | |  2.4
Summonings     | |  1.1
Translocations | |  1.1
Fire Magic     | |  0.2

Action                   || total
-------------------------++-------
Melee: Staff             ||    12
 Cast: Magic Dart        ||    89
       Call Imp          ||     1
Armor: Leather armour    ||     6
Dodge: Dodged            ||    23

Table legend: (Time is in decaauts)
 A = Elapsed time spent in this place.
 B = Non-inter-level travel time spent in this place.
 C = Inter-level travel time spent in this place.
 D = Time resting spent in this place.
 E = Time spent auto-exploring this place.
 F = Levels seen in this place.
 G = Mean time per level.
                   A        B        C        D        E       F      G
               +--------+--------+--------+--------+--------+-----+--------+
         Total |   1958 |   1896 |     62 |      4 |   1649 |   2 |  979.0 |
       Dungeon |   1958 |   1896 |     62 |      4 |   1649 |   2 |  979.0 |
               +--------+--------+--------+--------+--------+-----+--------+

Top non-repeatable levels by time:
     D:1: 1191 daAuts
     D:2: 767 daAuts
